 Dungeon Crawl Stone Soup version 0.29-a0-340-g6efceafd81 (webtiles) character file.

Game seed: 16371497271342834927

2714 testman the Fighter (level 9, -25/127 HPs)
             Began as a Minotaur Fighter on Apr 19, 2022.
             Was an Elder of Trog.
             Annihilated by an orc warrior
             ... wielding a +0 war axe
              (27 damage)
             ... in a bailey.
             The game lasted 00:30:05 (7239 turns).

testman the Fighter (Minotaur Fighter)              Turns: 7239, Time: 00:30:05

Health: -25/127    AC: 13    Str: 25    XL:     9   Next: 39%
Magic:  8/8        EV: 10    Int: 11    God:    Trog [****..]
Gold:   578        SH:  7    Dex: 10    Spells: 8/8 levels left

rFire   . . .      SeeInvis .   a - +0 long sword
rCold   . . .      Faith    +   c - +1 buckler
rNeg    . . .      Spirit   .   v - +3 leather armour
rPois   .          Reflect  .   (helmet restricted)
rElec   .          Harm     .   d - +2 cloak
rCorr   .          Rampage  .   (no gloves)
Will    .....                   p - +1 pair of boots
Stlth   ..........              x - amulet of faith
HPRegen 1.11/turn               g - +6 ring of intelligence
MPRegen 0.11/turn               (no ring)

@: berserking (expiring), very quick
A: horns 2, retaliatory headbutt, iridescent scales 1, regeneration 1, wild
magic 1
a: Renounce Religion, Berserk, Trog's Hand, Brothers in Arms


You were in a bailey.
You worshipped Trog.
Trog was greatly pleased with you.
You visited 1 branch of the dungeon, and saw 7 of its levels.
You also visited: Ossuary and Bailey.

You collected 578 gold pieces.

Inventory:

Hand Weapons
 a - a +0 long sword (weapon)
 h - a +0 hunting sling
Missiles
 i - 224 stones (quivered)
 n - 5 silver javelins
 t - 32 poisoned darts
 w - 3 datura-tipped darts
 z - 13 boomerangs
 B - a throwing net
Armour
 c - a +1 buckler (worn)
 d - a +2 cloak (worn)
 p - a +1 pair of boots (worn)
 v - a +3 leather armour (worn)
Jewellery
 g - a +6 ring of intelligence (left hand)
 x - an amulet of faith (around neck)
Wands
 r - a wand of charming (9)
 y - a wand of flame (19)
Scrolls
 e - a scroll of identify
 f - 3 scrolls of immolation
 j - 2 scrolls of blinking
 l - 2 scrolls of brand weapon
 o - a scroll of enchant weapon
 s - a scroll of torment
 A - a scroll of silence
Potions
 b - 2 potions of mutation
 k - a potion of haste
 m - 5 potions of brilliance
 q - a potion of curing
 u - 2 potions of flight
Miscellaneous
 C - a piece from Xom's chessboard (15/15)


   Skills:
 + Level 10.0 Fighting
 + Level 9.6 Long Blades
 - Level 3.6 Armour
 - Level 9.0 Shields


You had 8 spell levels left.
You didn't know any spells.
Your spell library contained the following spells:

 Spells                   Type           Power      Damage    Failure   Level
 Freeze                   Ice            0%         1d3       54%         1
 Slow                     Hex            0%         N/A       54%         1
 Confusing Touch          Hex            0%         N/A       88%         3
 Frozen Ramparts          Ice            0%         1d2       88%         3
 Gell's Gravitas          Tloc           0%         N/A       88%         3
 Teleport Other           Tloc           0%         N/A       88%         3
 Tukima's Dance           Hex            0%         N/A       88%         3
 Vampiric Draining        Necr           0%         2d6       88%         3
 Anguish                  Hex/Necr       0%         N/A       99%         4
 Hailstorm                Conj/Ice       0%         3d3       99%         4
 Dispersal                Tloc           0%         N/A       100%        6
 Enfeeble                 Hex            0%         N/A       100%        7


Dungeon Overview and Level Annotations

Branches:
Dungeon (7/15)            Ossuary (visited)          Bailey (1/1)
 Temple: D:4-7

Altars:
Fedhas
Gozag
Makhleb
Nemelex Xobeh
Ru
Trog
Zin

Shops:
D:6 :   D:7 =


Innate Abilities, Weirdness & Mutations

You have a pair of horns on your head.
You reflexively headbutt those who attack you in melee.
You are partially covered in iridescent scales. (AC +2)
Your natural rate of healing is unusually fast.
Your spells are a little harder to cast, but a little more powerful.


Message History

The orc warrior throws a datura-tipped dart.
The datura-tipped dart hits you.
You barely miss the orc warrior. The orc knight barely misses you.
You furiously retaliate!
You headbutt the orc knight!
The orc warrior hits you with a +0 war axe.
You slash the orc warrior!
The orc warrior is heavily wounded.
You barely miss the orc warrior. Your headbutt misses the orc warrior.
The orc warrior is heavily wounded.
The orc warrior no longer looks unusually strong.
The orc knight roars a battlecry!
The orc warrior goes into a battle-frenzy!
The orc warrior hits you with a +0 war axe!!
* * * LOW HITPOINT WARNING * * *
The orc warrior hits you with a +0 war axe.
* * * LOW HITPOINT WARNING * * *
Okay, then.
You are too berserk!
You slash the orc warrior! Your headbutt misses the orc warrior.
The orc warrior is almost dead.
The orc knight hits you with a +0 battleaxe!
* * * LOW HITPOINT WARNING * * *
You block the orc warrior's attack. The orc warrior closely misses you.
You slash the orc warrior!
You kill the orc warrior!
Trog accepts your kill.
Your Fighting skill increases to level 10!
You hit the orc warrior. You headbutt the orc warrior!
The orc warrior is heavily wounded.
The orc knight hits you but does no damage.
The orc warrior hits you with a +0 war axe!
* * * LOW HITPOINT WARNING * * *
Unknown command.
You barely miss the orc warrior.
The orc warrior is heavily wounded.
You hit the orc warrior. You headbutt the orc warrior.
The orc warrior is almost dead.
The orc knight closely misses you.
The orc warrior hits you with a +0 war axe!!
You die...

#.###≈≈.......≈≈###
#....≈≈.......≈≈.
#####≈≈.......≈≈##
##≈.......≈##
####'''####
##.....## #∩.....∩#
#...8...# ##.o@).##
###o### .(. .....
....... .........
...........
.............


You could see an orc knight and an orc warrior (strong).

Vanquished Creatures
  Eustachio (D:4)
  A water moccasin (D:6)
  2 black bears
  2 sky beasts (D:6)
  2 orc warriors (Bailey)
  2 ogres
  2 centaurs (D:6)
  5 kobold brigands (Bailey)
  4 scorpions
  2 necrophages (D:5)
  A howler monkey (D:5)
  3 jellies
  A hound (D:5)
  A gnoll shaman (D:6)
  An orc priest (D:5)
  Crazy Yiuf (D:4)
  3 iguanas
  Terence (D:2)
  5 orc wizards
  A mummy (Ossuary)
  11 gnolls
  10 adders
  2 shadow imps (D:6)
  A white imp (D:7)
  An ufetubus (D:4)
  4 worms
  2 dart slugs
  18 orcs
  2 spectral bats (Ossuary)
  8 ball pythons
  5 endoplasms
  5 giant cockroaches
  10 goblins
  9 hobgoblins
  3 quokkas
  5 bats
  3 bat simulacra (Ossuary)
  4 frilled lizards
  12 gnoll zombies (Ossuary)
  A goblin simulacrum (Ossuary)
  4 goblin zombies (Ossuary)
  3 hobgoblin zombies (Ossuary)
  15 kobolds
  A kobold simulacrum (Ossuary)
  5 kobold zombies (Ossuary)
  6 orc zombies (Ossuary)
  3 rats
  4 rat simulacra (Ossuary)
  A spectral goblin (Ossuary)
  4 spectral kobolds (Ossuary)
  2 spectral rats (Ossuary)
205 creatures vanquished.

Vanquished Creatures (others)
  16 plants (D:5)
16 creatures vanquished.

Grand Total: 221 creatures vanquished

Notes
Turn   | Place    | Note
-------+----------+-------------------------------------------
     0 | D:1      | testman the Minotaur Fighter began the quest for the Orb.
     0 | D:1      | Reached XP level 1. HP: 19/19 MP: 0/0
   254 | D:1      | Reached XP level 2. HP: 24/27 MP: 1/1
   305 | D:1      | Reached skill level 4 in Fighting
   529 | D:1      | Found a faded altar of an unknown god.
   551 | D:1      | Prayed at the altar of an unknown god.
   551 | D:1      | Became a worshipper of Ru the Awakened
   629 | D:1      | Reached XP level 3. HP: 26/33 MP: 2/2
  1157 | D:2      | Noticed Terence
  1174 | D:2      | Killed Terence
  1175 | D:2      | Reached XP level 4. HP: 25/41 MP: 3/3
  2673 | D:3      | Reached skill level 5 in Fighting
  2903 | D:3      | Reached XP level 5. HP: 48/48 MP: 4/4
  2937 | D:3      | Found a bloodstained altar of Trog.
  3000 | D:3      | Fell from the grace of Ru
  3000 | D:3      | Became a worshipper of Trog the Wrathful
  3366 | D:4      | Reached skill level 5 in Shields
  3423 | D:4      | Found a blossoming altar of Fedhas.
  3439 | D:4      | Found a sparkling altar of Nemelex Xobeh.
  3660 | D:4      | Found a glowing silver altar of Zin.
  3663 | D:4      | Noticed an angel
  3664 | D:4      | Found a burning altar of Makhleb.
  3664 | D:4      | Noticed a cacodemon
  3670 | D:4      | Noticed a black bear
  3680 | D:4      | Killed a black bear
  3681 | D:4      | Reached XP level 6. HP: 32/56 MP: 5/5
  3719 | D:5      | Entered Level 5 of the Dungeon
  3742 | D:4      | Reached * piety under Trog
  3805 | D:4      | Reached skill level 5 in Long Blades
  3967 | D:4      | Found a sand-covered staircase.
  3978 | Ossuary  | Entered an ossuary
  4138 | Ossuary  | Reached ** piety under Trog
  4198 | Ossuary  | Reached skill level 6 in Fighting
  4512 | Ossuary  | Reached *** piety under Trog
  4807 | D:4      | Noticed Eustachio
  4843 | D:4      | Gained mutation: You have hidden genetic potential. [potion
                  | of mutation]
  4843 | D:4      | Gained mutation: Your natural rate of healing is unusually
                  | fast. [potion of mutation]
  4891 | D:4      | Killed Eustachio
  4892 | D:4      | Reached XP level 7. HP: 32/64 MP: 6/6
  5041 | D:4      | Found a runed translucent door.
  5042 | D:4      | Noticed Crazy Yiuf
  5051 | D:4      | Killed Crazy Yiuf
  5311 | D:5      | Found an opulent altar of Gozag.
  5316 | D:5      | Gained mutation: Your spells are a little harder to cast,
                  | but a little more powerful. [hidden potential]
  5368 | D:5      | Reached skill level 7 in Fighting
  5445 | D:5      | Reached XP level 8. HP: 73/73 MP: 7/7
  5804 | D:5      | Gained mutation: You are partially covered in iridescent
                  | scales. (AC +2) [hidden potential]
  5804 | D:5      | Lost mutation: You have hidden genetic potential. [hidden
                  | potential expressed]
  6263 | D:6      | Found Huhiac's Book Emporium.
  6274 | D:6      | Reached skill level 8 in Fighting
  6588 | D:6      | Reached **** piety under Trog
  6589 | D:6      | Reached XP level 9. HP: 82/82 MP: 8/8
  6608 | D:6      | Reached skill level 9 in Fighting
  7016 | D:7      | Found Uree's Jewellery Emporium.
  7065 | D:7      | Found a flagged portal.
  7075 | Bailey   | Entered a bailey
  7214 | Bailey   | Noticed an orc knight
  7237 | Bailey   | Reached skill level 10 in Fighting
  7237 | Bailey   | HP: 1/127 [orc warrior/+0 war axe (8)]
  7239 | Bailey   | Annihilated by an orc warrior

Illustrated notes

Levels and vault maps discovered:
D:1:      doesnt_arrival_eight_statues, layout_rooms,
          shapermc_ecumenical_altar_pompeii
D:2:      layout_loops_cross, uniq_terence
D:3:      layout_basic, overflow_temple_1_default
D:4:      layout_loops_ring, grunt_temple_overflow_order_and_chaos_2,
          mainiacjoe_overflow_swirl, lightli_ossuary_entry_decrepit_ruins,
          minmay_misc_feat_cross, minmay_strange_pillars, uniq_eustachio,
          uniq_crazy_yiuf_cottage
D:5:      layout_basic, grunt_gozag_statues, serial_bayou_lagoon_b
D:6:      layout_loops_ring, serial_shops, nicolae_stop_n_shop_1
D:7:      layout_loops_ring, minmay_temple_entry_waves, serial_shops, shop,
          enter_bailey_2
Bailey:   bailey_axe_3, bailey

Skill      XL: |  1  2  3  4  5  6  7  8  9 |
---------------+----------------------------+-----
Fighting       | 4 5 6 7 8 10 | 10.0
Shields        | 4 5 6 7 8 9 |  9.0
Long Blades    | 3 4 5 6 8 9 |  9.6
Armour         | |  3.6

Action                   |  1- 3 |  4- 6 |  7- 9 || total
-------------------------+-------+-------+-------++-------
Melee: Long sword        |   104 |   325 |   269 ||   698
       Headbutt          |    13 |    58 |    57 ||   128
Throw: Dart              |       |       |     4 ||     4
Invok: Reject Sacrifices |     1 |       |       ||     1
       Berserk           |       |       |     3 ||     3
  Use: Potion            |     1 |     8 |       ||     9
       Scroll            |       |     6 |     8 ||    14
 Stab: Invisible         |       |     3 |       ||     3
Armor: Scale mail        |    33 |    25 |       ||    58
       Leather armour    |       |   104 |   139 ||   243
       Skin              |       |    49 |       ||    49
Dodge: Dodged            |    56 |   177 |   123 ||   356
Block: Buckler           |    20 |    95 |    78 ||   193

Table legend: (Time is in decaauts)
 A = Elapsed time spent in this place.
 B = Non-inter-level travel time spent in this place.
 C = Inter-level travel time spent in this place.
 D = Time resting spent in this place.
 E = Time spent auto-exploring this place.
 F = Levels seen in this place.
 G = Mean time per level.
                   A        B        C        D        E       F      G
               +--------+--------+--------+--------+--------+-----+--------+
         Total |   7393 |   7080 |    313 |   1376 |   4091 |   9 |  821.4 |
       Dungeon |   6664 |   6351 |    313 |   1241 |   3784 |   7 |  952.0 |
       Ossuary |    568 |    568 |      0 |    105 |    274 |   1 |  568.0 |
        Bailey |    160 |    160 |      0 |     30 |     32 |   1 |  160.0 |
               +--------+--------+--------+--------+--------+-----+--------+

Top non-repeatable levels by time:
     D:4: 1424 daAuts
     D:2: 1374 daAuts
     D:3: 1273 daAuts
     D:5: 1039 daAuts
     D:1: 740 daAuts
     D:6: 726 daAuts
 Ossuary: 568 daAuts
  Bailey: 160 daAuts
     D:7: 86 daAuts
